Map: [ESL] Hard Lead

Players

Serral - Winner!

  • Race: Zerg Zerg
  • Spawn Location: 5:00

Firefly

  • Race: Protoss Protoss
  • League: Master
  • Spawn Location: 11:00

Event: IEM Katowice 2024

VOD

Have the link to the VOD?

Description

Time

  • Played on: Feb. 8, 2024, 11:20 a.m.
  • Length: 15:10

All games in this series

Show
View Real Time Build Order
Export as new Build Order

Serral Zerg - Winner!

Build Orders: Hatch First, Lurkers, Roach Hydra 

Get SALT Encoding   

  12  0:00  Drone  
  13  0:11  Overlord  
  13  0:16  Drone  
  14  0:30  Drone x2  
  16  0:46  Hatchery  
  15  0:50  Drone  
  15  0:54  Drone  
  15  0:57  Drone  
  18  1:07  Extractor  
  17  1:12  Spawning Pool  
  17  1:15  Drone  
  17  1:18  Drone  
  18  1:28  Drone  
  19  1:38  Drone  
  20  1:48  Overlord  
  20  1:59  Queen x2  
  20  2:00  Zergling x4  
  26  2:10  Drone x2  
  26  2:11  Metabolic Boost  
  28  2:20  Drone  
  28  2:21  Drone  
  30  2:34  Hatchery  
  29  2:39  Queen  
  29  2:43  Drone x2  
  32  2:48  Overlord  
  32  2:50  Zergling x2  
  33  2:53  Zergling x2  
  33  2:55  Drone  
  35  3:04  Overlord  
  35  3:05  Queen  
  35  3:09  Drone x2  
  39  3:13  Drone x2  
  39  3:15  Drone  
  42  3:22  Queen  
  44  3:27  Drone x2  
  44  3:34  Overlord  
  46  3:35  Zergling x2  
  46  3:40  Drone  
  46  3:41  Drone x3  
  51  3:46  Queen  
  51  3:48  Zergling x2  
  54  3:50  Drone x3  
  54  3:54  Spore Crawler  
  56  3:57  Spore Crawler  
  56  3:58  Drone  
  56  4:00  Drone x2  
  58  4:05  Overlord  
  58  4:07  Drone  
  58  4:09  Zergling x2  
  60  4:14  Drone x4  
  64  4:20  Overlord  
  64  4:23  Drone x2  
  65  4:27  Drone x4  
  67  4:31  Drone  
  67  4:35  Roach Warren  
  65  4:39  Drone x2  
  65  4:41  Drone x4  
  65  4:43  Overlord  
  65  4:44  Zergling x2  
  71  4:46  Zergling x2  
  71  4:49  Extractor  
  71  4:50  Lair  
  71  4:54  Zergling x4  
  73  5:00  Drone x3  
  73  5:01  Overlord  
  73  5:02  Drone  
  73  5:06  Drone  
  78  5:10  Hatchery  
  78  5:11  Overlord  
  78  5:12  Extractor  
  78  5:14  Drone x3  
  78  5:15  Drone  
  78  5:17  Evolution Chamber  
  78  5:18  Spore Crawler  
  78  5:23  Overlord  
  78  5:24  Drone x4  
  78  5:25  Drone  
  78  5:26  Drone x2  
  85  5:30  Extractor  
  85  5:31  Drone, Extractor  
  85  5:32  Extractor  
  83  5:37  Drone x3  
  83  5:42  Drone x3  
  89  5:43  Zerg Missile Weapons Level 1  
  89  5:48  Glial Reconstitution  
  89  5:49  Overlord  
  89  5:50  Drone x5, Infestation Pit  
  89  5:54  Drone  
  89  5:55  Drone  
  89  5:57  Overlord  
  95  5:59  Drone  
  95  6:03  Overlord  
  96  6:08  Drone  
  96  6:09  Drone x2  
  96  6:10  Drone  
  96  6:11  Drone  
  101  6:13  Drone x2  
  101  6:14  Drone x2  
  105  6:20  Roach x4  
  105  6:21  Queen, Hydralisk Den  
  105  6:22  Overlord  
  105  6:23  Overseer  
  118  6:25  Roach x2  
  118  6:30  Hive  
  118  6:34  Extractor x2  
  118  6:35  Roach x3  
  118  6:39  Overlord  
  122  6:40  Drone x2  
  122  6:43  Roach  
  122  6:44  Roach x3  
  122  6:45  Roach  
  134  6:48  Overlord x2  
  134  6:54  Grooved Spines  
  134  6:56  Lurker Den  
  134  6:57  Roach x2  
  134  6:58  Roach x3  
  143  7:05  Overlord  
  143  7:09  Pneumatized Carapace, Overlord  
  143  7:11  Drone x2  
  143  7:12  Spine Crawler  
  143  7:14  Drone  
  143  7:15  Spine Crawler  
  144  7:20  Hydralisk x5  
  154  7:24  Overlord  
  154  7:27  Hydralisk x3  
  154  7:28  Zergling x4  
  162  7:41  Hydralisk x2, Hatchery  
  162  7:42  Zergling x4  
  167  7:44  Muscular Augments  
  167  7:45  Zerg Missile Weapons Level 2  
  167  7:46  Zergling x6  
  170  7:52  Overlord  
  170  7:53  Seismic Spines  
  170  7:56  Lurker x2  
  172  8:03  Lurker x3  
  173  8:06  Zergling x18  
  181  8:24  Hydralisk  
  181  8:25  Zergling x24, Hydralisk  
  196  8:35  Evolution Chamber  
  196  8:36  Adrenal Glands  
  196  8:38  Lurker x4  
  198  8:50  Extractor  
  198  8:53  Extractor  
  192  8:57  Drone x4  
  192  8:58  Hydralisk x2  
  197  9:12  Zerg Melee Weapons Level 1  
  197  9:16  Zergling x18  
  172  9:25  Zergling x22, Spire x2  
  166  9:33  Zergling x8  
  166  9:46  Drone x3  
  166  9:47  Hydralisk x5  
  166  9:48  Zergling x8  
  183  9:54  Lurker  
  183  9:55  Lurker x2  
  186  10:01  Zerg Ground Armor Level 1  
  185  10:11  Ultralisk Cavern  
  178  10:27  Burrow  
  172  10:28  Zergling x4  
  172  10:29  Zergling x28  
  172  10:32  Lurker x5  
  191  10:40  Greater Spire, Corruptor x7, Zerg Flyer Armor Level 1  
  191  10:48  Corruptor  
  186  10:50  Adaptive Talons  
  186  10:55  Corruptor  
  186  10:56  Corruptor  
  183  10:58  Zergling x32  
  193  11:04  Chitinous Plating  
  193  11:08  Overseer  
  193  11:11  Zerg Melee Weapons Level 2  
  191  11:13  Drone x5, Spine Crawler  
  191  11:14  Spine Crawler x2  
  191  11:15  Spore Crawler, Hatchery  
  186  11:50  Corruptor x5  
  186  11:51  Corruptor  
  186  11:54  Zerg Flyer Weapons Level 1  
  182  12:04  Corruptor x2  
  182  12:05  Corruptor x3  
  182  12:08  Zerg Ground Armor Level 2  
  180  12:12  Overlord  
  180  12:14  Overlord  
  178  12:19  Overlord x2  
  178  12:21  Overseer  
  178  12:23  Anabolic Synthesis  
  178  12:24  Extractor x2, Neural Parasite  
  169  12:45  Zergling x20  
  169  12:47  Corruptor  
  169  12:48  Corruptor x2  
  178  12:59  Infestor x5  
  188  13:08  Zergling x2  
  188  13:09  Zergling x28  
  193  13:18  Zergling x2, Hydralisk x2  
  193  13:19  Zergling x2  
  196  13:43  Lurker  
  196  13:44  Lurker  
  198  13:55  Zergling x8  
  200  14:01  Hatchery  
  200  14:02  Spore Crawler  
  183  14:37  Zergling x4  
Show
View Real Time Build Order
Export as new Build Order

Firefly Protoss 

Build Orders: 1 Gate Expand, Oracle Opening 

Get SALT Encoding   

  12  0:00  Probe  
  13  0:12  Probe  
  14  0:17  Pylon  
  14  0:24  Probe (Chrono Boost)  
  15  0:36  Probe (Chrono Boost)  
  15  0:38  Gateway  
  16  0:45  Probe (Chrono Boost)  
  16  0:46  Assimilator  
  17  0:50  Probe  
  18  1:03  Probe  
  19  1:15  Probe  
  20  1:23  Nexus  
  20  1:33  Cybernetics Core  
  20  1:35  Probe  
  21  1:41  Assimilator  
  21  1:47  Probe  
  21  1:50  Pylon  
  22  1:59  Probe  
  23  2:06  Adept (Chrono Boost)  
  23  2:12  Probe  
  26  2:19  Stargate  
  26  2:25  Probe  
  26  2:26  Adept (Chrono Boost)  
  29  2:34  Warp Gate  
  29  2:36  Probe  
  30  2:44  Probe  
  30  2:49  Adept  
  30  2:50  Probe  
  34  2:57  Probe  
  34  2:58  Pylon  
  35  3:03  Oracle (Chrono Boost)  
  35  3:04  Probe  
  36  3:12  Gateway  
  39  3:14  Probe  
  39  3:16  Probe  
  41  3:26  Probe  
  42  3:30  Probe  
  42  3:33  Oracle (Chrono Boost)  
  46  3:38  Probe  
  47  3:42  Probe  
  48  3:50  Probe  
  48  3:51  Nexus  
  48  3:53  Pylon  
  49  3:56  Probe  
  49  4:01  Oracle (Chrono Boost)  
  54  4:02  Probe  
  54  4:09  Assimilator  
  54  4:11  Assimilator, Probe  
  55  4:18  Probe  
  55  4:19  Twilight Council  
  55  4:23  Forge  
  56  4:28  Probe  
  57  4:32  Probe  
  54  4:40  Probe  
  54  4:44  Probe  
  56  4:50  Gateway x2  
  56  4:52  Probe  
  57  4:56  Probe  
  57  4:57  Protoss Ground Weapons Level 1  
  57  4:59  Stalker  
  60  5:01  Blink (Chrono Boost)  
  60  5:03  Probe (Chrono Boost)  
  60  5:04  Probe (Chrono Boost)  
  62  5:09  Probe (Chrono Boost)  
  63  5:15  Probe (Chrono Boost)  
  63  5:16  Probe (Chrono Boost)  
  63  5:20  Probe (Chrono Boost)  
  66  5:21  Nexus  
  66  5:22  Probe x2 (Chrono Boost)  
  66  5:24  Probe (Chrono Boost)  
  66  5:25  Pylon  
  66  5:28  Stalker  
  71  5:29  Probe  
  71  5:32  Probe  
  71  5:35  Probe, Stalker  
  76  5:42  Probe (Chrono Boost)  
  77  5:45  Probe (Chrono Boost)  
  77  5:47  Templar Archives  
  77  5:49  Robotics Facility  
  79  5:51  Pylon  
  79  5:52  Probe (Chrono Boost)  
  79  5:54  Probe (Chrono Boost)  
  81  5:57  Probe (Chrono Boost)  
  81  5:58  Assimilator x2  
  81  6:00  Probe (Chrono Boost)  
  81  6:02  Probe x2 (Chrono Boost)  
  84  6:07  Shield Battery  
  84  6:10  Probe  
  86  6:11  Probe x2  
  86  6:14  Psionic Storm  
  86  6:16  Gateway  
  86  6:18  Gateway  
  87  6:21  Gateway x2  
  87  6:23  Pylon, Probe x3  
  90  6:25  Assimilator  
  90  6:26  Warp Prism  
  90  6:31  Assimilator  
  90  6:34  Probe  
  90  6:35  Probe  
  90  6:38  Probe  
  90  6:39  Probe  
  96  6:45  High Templar x3  
  96  6:46  Probe  
  103  6:49  Pylon  
  103  6:54  High Templar  
  103  6:55  Probe x2  
  103  6:57  Charge  
  103  6:58  Protoss Ground Armor Level 1 (Chrono Boost)  
  107  7:03  Pylon  
  107  7:08  Immortal, Pylon  
  107  7:10  Probe  
  107  7:11  Shield Battery, Probe x2  
  107  7:15  Photon Cannon  
  114  7:16  Stalker x2  
  114  7:19  Stalker  
  114  7:20  Stalker  
  122  7:36  Fleet Beacon  
  122  7:37  Stargate  
  122  7:44  Photon Cannon  
  122  7:46  Photon Cannon  
  122  7:49  Immortal (Chrono Boost)  
  126  7:52  Stalker x5  
  136  8:02  Protoss Air Weapons Level 1  
  136  8:20  Pylon  
  136  8:27  Observer (Chrono Boost), Pylon  
  137  8:31  Pylon  
  137  8:32  Pylon  
  137  8:33  Pylon  
  137  8:37  Tempest x2  
  147  8:43  Photon Cannon  
  147  8:44  Photon Cannon  
  147  8:46  Photon Cannon  
  147  8:48  Stalker  
  147  8:49  Stalker x5  
  147  8:54  Photon Cannon  
  155  8:56  Photon Cannon, Immortal  
  159  9:03  Forge  
  153  9:17  Stalker x6  
  153  9:18  Stalker  
  160  9:36  Tempest (Chrono Boost)  
  160  9:38  High Templar  
  160  9:43  Tempest (Chrono Boost)  
  167  9:49  Photon Cannon  
  167  9:51  Photon Cannon  
  167  9:54  Nexus  
  167  9:55  Pylon  
  167  10:04  Pylon  
  167  10:07  Pylon  
  167  10:12  Tempest  
  171  10:16  Unknown  
  171  10:28  Nexus  
  171  10:31  Pylon  
  171  10:35  Zealot x3  
  152  10:40  Probe  
  152  10:41  Probe x2  
  143  10:47  Probe  
  142  10:53  Probe x3  
  140  10:59  Probe  
  141  11:06  Tempest (Chrono Boost)  
  141  11:07  Probe x3  
  141  11:08  Immortal (Chrono Boost)  
  153  11:12  High Templar x4  
  153  11:15  Gateway  
  153  11:17  Gateway  
  161  11:18  Gateway  
  161  11:19  Probe x4  
  161  11:20  Gateway  
  161  11:22  Pylon  
  161  11:25  Pylon  
  165  11:27  Pylon  
  165  11:31  Probe  
  165  11:34  Probe x2  
  165  11:37  Nexus  
  158  11:42  Tempest (Chrono Boost)  
  158  11:43  Probe  
  162  11:49  Stalker x4  
  146  12:11  Probe x3  
  149  12:27  High Templar x4  
  157  12:34  Nexus  
  152  12:51  Oracle (Chrono Boost)  
  155  13:00  High Templar  
  155  13:02  Shield Battery  
  155  13:05  Pylon x2  
  147  13:07  Pylon  
  136  13:13  Stalker x3  
  136  13:19  Nexus  
  142  13:21  Forge  
  142  13:23  Tempest (Chrono Boost)  
  142  13:24  Pylon  
  147  13:27  Pylon  
  144  13:47  Nexus  
  144  13:54  High Templar x2  
  144  13:55  High Templar x2  
  152  13:57  Tempest (Chrono Boost)  
  152  14:00  Photon Cannon  
  152  14:01  Photon Cannon  
  155  14:03  Photon Cannon  
  155  14:13  Pylon  
  155  14:16  Pylon  
  155  14:18  Nexus  
  124  14:33  Archon  
  124  14:34  Archon x2  

Tags
 
Add a new tag
Caveats
  • Supply blocks, unpowered buildings, or Contaminate may cause inaccurate times.
  • Supply counts are checked every 10 seconds.